 Dungeon Crawl Stone Soup version 0.20.0-15-g7f486f2 (webtiles) character file.

203 Agrougrou the Conjurer (level 5, -2/28 HPs)
             Began as a Deep Elf Conjurer on June 27, 2017.
             Blown up by Ijyb (14 damage)
             ... with a wand of disintegration (?/24)
             ... on level 3 of the Dungeon.
             The game lasted 00:10:11 (3069 turns).

Agrougrou the Conjurer (Deep Elf Conjurer)          Turns: 3069, Time: 00:10:11

Health: -2/28      AC:  3    Str:  5    XL:     5   Next: 51%
Magic:  0/14       EV: 13    Int: 25    God:
Gold:   166        SH:  0    Dex: 15    Spells: 1/14 levels left

rFire    . . .     SeeInvis .   (no weapon)
rCold    . . .     Gourm    .   (no shield)
rNeg     . . .     Faith    .   a - +0 robe
rPois    .         Spirit   .   r - +0 helmet
rElec    .         Reflect  .   (no cloak)
rCorr    .         Harm     .   (no gloves)
MR       .....                  (no boots)
Stlth    ++........             o - amulet of rage
Regen    0.1/turn               f - ring of wizardry
MPRegen  0.2/turn               l - +4 ring of intelligence

@: no status effects
A: no striking features
a: Evoke Berserk Rage


You were on level 3 of the Dungeon.
You were not hungry.

You visited 1 branch of the dungeon, and saw 3 of its levels.

You collected 166 gold pieces.

Inventory:

Armour
 a - a +0 robe (worn)
 r - a +0 helmet (worn)
Jewellery
 f - a ring of wizardry (left hand)
 l - a +4 ring of intelligence (right hand)
 o - an amulet of rage (around neck)
 t - an uncursed ring of wizardry
Scrolls
 d - 3 scrolls of identify {unknown}
 e - a scroll of magic mapping {unknown}
 g - a scroll of enchant weapon {unknown}
 i - a scroll of recharging {unknown}
 q - 2 scrolls of teleportation {unknown}
 u - a scroll of remove curse {unknown}
Potions
 j - a potion of agility {unknown}
 k - a potion of ambrosia {unknown}
 m - a potion of might {unknown}
 n - 2 potions of degeneration {unknown}
 p - 2 potions of curing {unknown}
 v - a potion of mutation {unknown}
 w - a potion of flight {unknown}
Books
 b - a book of Conjurations

   Spells                             Type                      Level
   a - Magic Dart                     Conjuration                  1
   b - Searing Ray                    Conjuration                  2
   c - Dazzling Spray                 Conjuration/Hexes            3
   d - Fulminant Prism                Conjuration/Hexes            4
   e - Force Lance                    Conjuration/Translocation    4
   f - Iskenderun's Mystic Blast      Conjuration                  4
Comestibles
 c - 2 bread rations
 h - 4 chunks of flesh
 s - a meat ration


   Skills:
 + Level 2.8 Dodging
 * Level 3.5 Stealth
 + Level 5.3 Spellcasting
 + Level 5.9 Conjurations


You had one spell level left.
You knew the following spells:

 Your Spells              Type           Power        Failure   Level  Hunger
a - Magic Dart            Conj           ####         1%          1    None
b - Iskenderun's Mystic   Conj           #####...     2%          4    ###....
c - Force Lance           Conj/Tloc      ###.....     10%         4    ###....
d - Fulminant Prism       Conj/Hex       ###.......   10%         4    ###....


Dungeon Overview and Level Annotations

Branches:
Dungeon (3/15)

Altars:

Annotations:
D:2 Sigmund
D:3 Ijyb


Message History

Aiming: Magic Dart
Press: ? - help, Shift-Dir - straight line, f/p - Ijyb
Aim: Ijyb, wielding a dagger of venom, wearing a leather armour and carrying a wand of disintegration (?/24) {zapped: 1} (moderately wounded)
The magic dart hits Ijyb.
Ijyb is moderately wounded.
Casting: Magic Dart
Confirm with . or Enter, or press ? or * to list all spells.
Aiming: Magic Dart
Press: ? - help, Shift-Dir - straight line, f/p - Ijyb
Aim: Ijyb, wielding a dagger of venom, wearing a leather armour and carrying a wand of disintegration (?/24) {zapped: 1} (moderately wounded)
The magic dart hits Ijyb.
Ijyb is moderately wounded.
Ijyb closely misses you.
You aren't carrying any items that you can evoke.
Ijyb misses you.
Ijyb zaps a wand.
You are blasted!
Ouch! That really hurt!
Ijyb zaps a wand.
You are blasted!
Ouch! That really hurt!
You die...

#...............
#..............#
#.....!......#
#..........#
##############.#####
).......# #g#
.)......######.### #
.)...............###
.#
.[).....####....@..#
###.# ........#
#.#...#.####...# .
........#
#.#.#........#####....
.##.#####
#.#.####..............
....# ##.#.#
##..########... ..#.#
#..#.# #..# ..#.#
#.##)# ##.## #...#
####.##.# #...# #..##
#....##.# ##<#..#


You could see Ijyb.

Vanquished Creatures
  An orc priest (D:3)
  Robin (D:2)
  7 adders
  A worm (D:3)
  6 dart slugs (D:1)
  6 orcs (D:3)
  2 ball pythons
  3 giant cockroaches
  14 goblins
  11 hobgoblins
  4 jackals (D:3)
  5 kobolds
  3 quokkas (D:2)
  5 bats
  2 frilled lizards
  6 rats
77 creatures vanquished.

Notes
Turn   | Place    | Note
-------+----------+-------------------------------------------
     0 | D:1      | Agrougrou the Deep Elf Conjurer began the quest for the Orb.
     0 | D:1      | Reached XP level 1. HP: 10/10 MP: 6/6
   259 | D:1      | Reached XP level 2. HP: 15/15 MP: 5/8
   600 | D:1      | Reached skill level 5 in Conjurations
   677 | D:1      | Reached XP level 3. HP: 19/19 MP: 6/10
  1499 | D:2      | Reached XP level 4. HP: 24/24 MP: 7/12
  1505 | D:2      | Learned a level 4 spell: Iskenderun's Mystic Blast
  1510 | D:2      | Learned a level 4 spell: Force Lance
  1540 | D:2      | Noticed Robin
  1573 | D:2      | Killed Robin
  2298 | D:2      | Noticed Sigmund
  2672 | D:3      | Reached XP level 5. HP: 28/28 MP: 7/14
  2740 | D:3      | Reached skill level 5 in Spellcasting
  2765 | D:3      | Learned a level 4 spell: Fulminant Prism
  2850 | D:3      | Found a faded altar of an unknown god.
  2997 | D:3      | Noticed Ijyb
  3069 | D:3      | Blown up by Ijyb

Skill      XL: |  1  2  3  4  5 |
---------------+----------------+-----
Conjurations   | 5 |  5.9
Spellcasting   | 4 5 |  5.3
Stealth        | 3 |  3.5
Dodging        | |  2.8

Action                   |  1- 3 |  4- 6 || total
-------------------------+-------+-------++-------
Melee: Unarmed           |       |     1 ||     1
 Cast: Magic Dart        |    73 |    85 ||   158
       Iskenderun's Myst |       |     6 ||     6
       Force Lance       |       |     2 ||     2
  Eat: Chunk             |     2 |     5 ||     7
Armor: Robe              |     2 |     4 ||     6
Dodge: Dodged            |     9 |    19 ||    28
